 Dungeon Crawl Stone Soup version 0.31-a0-251-gdc1e01ee57 (webtiles) character file.

Game seed: 15040300657964389346

640 qw the Shooter (level 7, -1/60 HPs)
             Began as a Minotaur Hexslinger on July 12, 2023.
             Was a Follower of Okawaru.
             Slain by a yak (5 damage)
             ... on level 5 of the Dungeon.
             The game lasted 00:01:18 (3527 turns).

qw the Shooter (Minotaur Hexslinger)                Turns: 3527, Time: 00:01:19

Health: -1/60      AC: 10    Str: 12    XL:     7   Next: 26%
Magic:  4/7        EV: 13    Int: 10    God:    Okawaru [*.....]
Gold:   93         SH:  0    Dex: 15    Spells: 7/8 levels left

rFire   . . .        Y - +1 sling (flame)
rCold   . . .        (no shield)
rNeg    . . .        j - +1 ring mail {Will+}
rPois   .            l - +2 hat
rElec   .            i - +0 cloak
rCorr   .            (no gloves)
SInv    .            (no boots)
Will    +....        (no amulet)
Stlth   ++           (no ring)
HPRegen 0.30/turn    (no ring)
MPRegen 0.10/turn

%: no passive effects
@: heroic
A: horns 2, retaliatory headbutt
a: Renounce Religion, Heroism


You were on level 5 of the Dungeon.
You worshipped Okawaru.
Okawaru was aware of your devotion.
You visited 1 branch of the dungeon, and saw 7 of its levels.

You collected 215 gold pieces.
You spent 122 gold pieces at shops.


Innate Abilities, Weirdness & Mutations

You have a pair of horns on your head.
You reflexively headbutt those who attack you in melee.


   Skills:
 - Level 4.4(9.4) Fighting
 + Level 7.3(12.3) Ranged Weapons
 - Level 2.0(7.0) Armour
 - Level 2.1(7.1) Dodging
 - Level 1.0 Spellcasting
 - Level 2.0 Hexes
 + Level 1.7 Invocations


You had 7 spell levels left.
You knew the following spells:

 Your Spells              Type           Power      Damage    Failure   Level
a - Slow                  Hex            16%        N/A       30%         1

Your spell library contained the following spells:

 Spells                   Type           Power      Damage    Failure   Level
 Inner Flame              Hex/Fire       2%         N/A       80%         3
 Portal Projectile        Hex/Tloc       4%         N/A       80%         3
 Cause Fear               Hex            2%         N/A       96%         4

Inventory:

Hand Weapons
 Y - a +1 sling of flaming (weapon)
Armour
 a - the scarf of Tomyuqel {harm, Rampage rPois Will-}
   (You acquired it on level 1 of the Dungeon)

   rPois:     It protects you from poison.
   Rampage:   It bestows one free step when moving towards enemies.
   Will:      It decreases your willpower.
 i - a +0 cloak (worn)
 j - a +1 ring mail of willpower (worn)
 l - a +2 hat (worn)
Jewellery
 g - a ring of fire
Scrolls
 f - a scroll of identify
Potions
 b - 2 potions of curing
 d - a potion of cancellation
 e - 2 potions of mutation
 k - a potion of enlightenment
 m - a potion of haste
 o - a potion of attraction {unknown}
 r - a potion of berserk rage {unknown}

Dungeon Overview and Level Annotations

Branches:
Dungeon (7/15)
 Temple: D:4-7

Altars:
Gozag
Okawaru
Trog

Shops:
D:2 =   D:7 *[


Message History

You shoot a sling bullet.
The sling bullet hits the yak but does no damage.
The yak is lightly wounded.
A centaur comes into view.
You shoot a sling bullet. The sling bullet hits the yak.
The sling bullet burns the yak.
The yak is moderately wounded.
The yak barely misses you. You furiously retaliate!
You headbutt the yak! You shoot a sling bullet.
The sling bullet hits the yak but does no damage.
The yak is heavily wounded.
The yak gores you! The yak gores you but does no damage.
The yak closely misses you. You furiously retaliate!
You headbutt the yak. You shoot a sling bullet. The sling bullet hits the yak!
The sling bullet burns the yak.
The yak is severely wounded.
The yak gores you!
The yak gores you. x2; The yak gores you but does no damage.
The yak barely misses you. The yak gores you.
3523 ||| INVOKING Heroism.
You gain the combat prowess of a mighty hero.
The yak gores you but does no damage. The yak gores you!
The yak barely misses you. You furiously retaliate!
You headbutt the yak! You shoot a sling bullet. The sling bullet hits the yak.
The sling bullet burns the yak.
The yak is almost dead.
The yak misses you. The yak closely misses you. The yak gores you.
You shoot a sling bullet.
The sling bullet completely misses the yak.
You shoot a sling bullet. The sling bullet hits the yak.
The sling bullet burns the yak.
You kill the yak!
Okawaru is honoured by your kill. The yak barely misses you. The yak gores you.
The adder barely misses you.
Your base Ranged Weapons skill increases to level 7!
Your Invocations skill increases to level 1!
You have reached level 7!
You shoot a sling bullet.
The sling bullet closely misses the yak.
The yak gores you! The yak gores you.
You die...

....^..##..#
#...........
#######..........#
#.................
###...............##
##.....#.#...........
#......###..........#
###.......###...Y.....#
##........##
###@##.##.#
#........### #YS......
###........# #c.......
#..#>..#...# #....#...
##########.. ...### ..
. ..## .## .#


You could see 2 yaks, a centaur and an adder.

Vanquished Creatures
  A yak (D:5)
  A water moccasin (D:6)
  An ice beast (D:6)
  2 scorpions (D:6)
  A howler monkey (D:4)
  An iguana (D:4)
  4 adders
  2 worms (D:2)
  3 dart slugs
  3 orcs
  6 bats
  6 endoplasms
  4 giant cockroaches
  7 hobgoblins
  5 jackals
  10 kobolds
  2 quokkas
  4 ball pythons
  4 frilled lizards
  5 goblins
  6 rats
78 creatures vanquished.

Notes
Turn   | Place    | Note
-------+----------+-------------------------------------------
     0 | D:1      | qw the Minotaur Hexslinger began the quest for the Orb.
     0 | D:1      | Reached XP level 1. HP: 16/16 MP: 1/1
     0 | D:1      | 0 ||| qw: Version: 0.3-a-52-g30416fa
     0 | D:1      | 0 ||| qw: Game counter: 6583
     0 | D:1      | 0 ||| qw: Melee chars always use a shield: true
     0 | D:1      | 0 ||| qw: God list: Okawaru
     0 | D:1      | 0 ||| qw: Allow faded altars: false
     0 | D:1      | 0 ||| qw: Do Orc after clearing Dungeon:15 true
     0 | D:1      | 0 ||| qw: Do second Lair branch before Depths: true
     0 | D:1      | 0 ||| qw: Lair rune preference: random
     0 | D:1      | 0 ||| qw: Goals: Normal
     0 | D:1      | 0 ||| PLANNING D:1-11
     5 | D:1      | 5 ||| DROPPING scroll of poison.
   152 | D:1      | Reached skill level 3 in Ranged Weapons
   163 | D:1      | Reached XP level 2. HP: 22/23 MP: 2/2
   563 | D:1      | Reached XP level 3. HP: 25/29 MP: 3/3
   806 | D:1      | Found a faded altar of an unknown god.
   823 | D:1      | 823 ||| READING scroll labelled BUUZIR ITRUEPT.
   823 | D:1      | Identified a scroll of acquirement
   823 | D:1      | 823 ||| ACQUIRING scarf of Tomyuqel {harm, Rampage rPois
                  | Will-}
   823 | D:1      | Acquired the scarf of Tomyuqel {harm, Rampage rPois Will-}
   825 | D:1      | 825 ||| READING scroll labelled RASAON TISAREH.
   981 | D:2      | Reached skill level 4 in Ranged Weapons
  1085 | D:2      | Found Buwiweh's Jewellery Shoppe.
  1094 | D:2      | 1094 ||| SHOPLISTING +5 ring of evasion (432 gold, have
                  | 49).
  1094 | D:2      | 1094 ||| SHOPLISTING amulet of faith (480 gold, have 49).
  1094 | D:2      | 1094 ||| SHOPLISTING amulet of reflection (360 gold, have
                  | 49).
  1094 | D:2      | 1094 ||| SHOPLISTING amulet of the acrobat (360 gold, have
                  | 49).
  1094 | D:2      | 1094 ||| SHOPLISTING ring "Umisi Ama" {Wiz Str+4} (544
                  | gold, have 49).
  1094 | D:2      | 1094 ||| SHOPLISTING ring of ice (300 gold, have 49).
  1277 | D:2      | Found an iron altar of Okawaru.
  1278 | D:2      | 1278 ||| PLANNING OKAWARU WORSHIP
  1278 | D:2      | 1278 ||| READING scroll labelled BEQIKI UH KIMA.
  1279 | D:2      | 1279 ||| DRINKING 2 bubbling yellow potions.
  1280 | D:2      | 1280 ||| READING 2 scrolls of identify.
  1280 | D:2      | 1280 ||| IDENTIFYING sedimented inky potion
  1378 | D:2      | Became a worshipper of Warmaster Okawaru
  1379 | D:2      | 1379 ||| PLANNING D:1-11
  1471 | D:2      | Reached XP level 4. HP: 36/36 MP: 4/4
  1862 | D:2      | 1862 ||| READING scroll labelled FAMOACUCRI.
  1863 | D:2      | 1863 ||| READING 4 scrolls of identify.
  1863 | D:2      | 1863 ||| IDENTIFYING amethyst potion
  1864 | D:2      | 1864 ||| READING 3 scrolls of identify.
  1864 | D:2      | 1864 ||| IDENTIFYING lumpy sapphire potion
  1865 | D:2      | 1865 ||| DROPPING potion of ambrosia.
  1939 | D:3      | 1939 ||| STAIRDANCE
  2029 | D:3      | Found a bloodstained altar of Trog.
  2154 | D:3      | Reached skill level 5 in Ranged Weapons
  2616 | D:3      | 2616 ||| UPGRADING to +0 cloak.
  2621 | D:3      | 2621 ||| UPGRADING to +1 ring mail of willpower.
  2631 | D:3      | 2631 ||| DROPPING +0 robe.
  2632 | D:3      | 2632 ||| UPGRADING to +2 hat.
  2637 | D:3      | 2637 ||| READING 4 scrolls labelled GIOMANYTIE.
  2638 | D:3      | 2638 ||| READING scroll labelled CIM CIESUNEOKK.
  2639 | D:3      | 2639 ||| READING scroll labelled ZOEKOX GIUTUQI.
  2640 | D:3      | 2640 ||| DRINKING 2 dark potions.
  2641 | D:3      | 2641 ||| READING 2 scrolls of identify.
  2641 | D:3      | 2641 ||| IDENTIFYING smoky green potion
  2642 | D:3      | 2642 ||| DROPPING 3 scrolls of fog.
  3036 | D:4      | Found an opulent altar of Gozag.
  3106 | D:4      | Reached skill level 3 in Fighting
  3106 | D:4      | Reached XP level 5. HP: 45/45 MP: 5/5
  3132 | D:4      | You fall into a shaft and drop 3 floors!
  3132 | D:7      | Found Ynofin's Assorted Antiques.
  3139 | D:7      | 3139 ||| BUYING embroidered robe (81 gold).
  3139 | D:7      | Bought an embroidered robe for 81 gold pieces
  3139 | D:7      | 3139 ||| SHOPLISTING fading leather armour (154 gold, have
                  | 76).
  3139 | D:7      | 3139 ||| BUYING scroll labelled UMUUCLI ODWITS (22 gold).
  3139 | D:7      | Bought a scroll labelled UMUUCLI ODWITS for 22 gold pieces
  3139 | D:7      | 3139 ||| BUYING sedimented golden potion (19 gold).
  3139 | D:7      | Bought a sedimented golden potion for 19 gold pieces
  3162 | D:7      | Found Loeg's Antique Armour Shop.
  3166 | D:7      | 3166 ||| DROPPING +1 robe of willpower.
  3167 | D:7      | 3167 ||| DROPPING amulet of magic regeneration.
  3168 | D:7      | 3168 ||| READING scroll labelled KUOKKO FUIR.
  3172 | D:7      | 3172 ||| READING scroll labelled UMUUCLI ODWITS.
  3173 | D:7      | 3173 ||| DRINKING 2 silvery potions.
  3174 | D:7      | 3174 ||| Stepping randomly (stuck).
  3175 | D:7      | 3175 ||| Stepping randomly (stuck).
  3176 | D:7      | 3176 ||| Stepping randomly (stuck).
  3177 | D:7      | 3177 ||| Stepping randomly (stuck).
  3178 | D:7      | 3178 ||| Stepping randomly (stuck).
  3179 | D:7      | 3179 ||| Stepping randomly (stuck).
  3180 | D:7      | 3180 ||| Stepping randomly (stuck).
  3290 | D:6      | Noticed a water moccasin
  3305 | D:6      | Reached skill level 6 in Ranged Weapons
  3305 | D:6      | Reached XP level 6. HP: 51/51 MP: 6/6
  3308 | D:6      | Killed a water moccasin
  3308 | D:6      | Reached * piety under Okawaru
  3310 | D:6      | 3310 ||| INVOKING Heroism.
  3318 | D:6      | Noticed an ice beast
  3327 | D:6      | HP: 5/53 [ice beast (9)]
  3328 | D:6      | 3328 ||| DRINKING potion of heal wounds.
  3331 | D:6      | Killed an ice beast
  3495 | D:5      | Entered Level 5 of the Dungeon
  3514 | D:5      | Noticed a yak
  3514 | D:5      | Noticed a yak
  3514 | D:5      | Noticed a yak
  3523 | D:5      | 3523 ||| INVOKING Heroism.
  3526 | D:5      | Killed a yak
  3526 | D:5      | HP: 10/53 [yak (4)]
  3527 | D:5      | Reached skill level 7 in Ranged Weapons
  3527 | D:5      | Reached skill level 1 in Invocations
  3527 | D:5      | Reached XP level 7. HP: 12/60 MP: 4/7
  3527 | D:5      | HP: 4/60 [yak (8)]
  3527 | D:5      | Slain by a yak

Levels and vault maps discovered:
D:1:      sevenhm_arrival_forest_fort_small_5, layout_loops_ring,
          basic_ecumenical_altar, minmay_crystal_water
D:2:      layout_loops_corners, serial_forest, infiniplex_forest_clump_large,
          infiniplex_forest_end_2, infiniplex_forest_clump_small,
          infiniplex_forest_clump_large, infiniplex_forest_lined_room_3,
          infiniplex_forest_end_2, serial_shops, nicolae_square_shop,
          minmay_hexomino_r4
D:3:      layout_loops_ring, mainiacjoe_overflow_small_starburst
D:4:      layout_layer_cave, nicolae_gozag_seed_capital
D:5:      layout_cave_pools, chequers_big_river, minivault_4
D:6:      layout_loops_cross, minmay_quadrilaterals, uniq_edmund
D:7:      layout_layer_cave, lemuel_temple_firewalk_b, serial_shops,
          nicolae_shop_mannequins, shop, shop, shop,
          nicolae_shop_competitors_out_of_business,
          nicolae_twisty_statue_hallways

Skill      XL: |  1  2  3  4  5  6 |
---------------+-------------------+-----
Ranged Weapons | 3 4 5 6 7 |  7.3
Fighting       | 2 3 4 |  4.4
Armour         | 2 |  2.0
Invocations    | 1 |  1.7
Dodging        | |  2.1
Spellcasting   | |  1.0
Hexes          | |  2.0

Action                     |  1- 3 |  4- 6 |  7- 9 || total
---------------------------+-------+-------+-------++-------
   Fire: Sling             |   129 |   138 |     1 ||   268
 Invoke: Heroism           |       |     2 |       ||     2
    Use: Scroll            |     4 |     9 |       ||    13
         Potion            |     1 |     3 |       ||     4
 Armour: Robe              |     7 |     3 |       ||    10
         Ring mail         |       |    23 |       ||    23
  Dodge: Dodged            |    38 |    56 |       ||    94

Table legend:
 A = Non-vault XP
 B = Vault XP
 C = Vault XP percentage of total XP
 D = Non-vault monster count
 E = Vault monster count
 F = Vault count percentage of total count
                 A         B        C        D         E       F
            +---------+---------+-------+---------+---------+-------
      Total |     538 |     377 |  41.2 |      70 |       8 |  10.3
            +---------+---------+-------+---------+---------+-------
        D:1 |      46 |       0 |   0.0 |      26 |       0 |   0.0
        D:2 |      47 |      22 |  31.9 |      16 |       4 |  20.0
        D:3 |      32 |       0 |   0.0 |      12 |       0 |   0.0
        D:4 |     107 |       0 |   0.0 |      10 |       0 |   0.0
        D:5 |     206 |       0 |   0.0 |       1 |       0 |   0.0
        D:6 |     100 |     355 |  78.0 |       5 |       4 |  44.4
            +---------+---------+-------+---------+---------+-------
